 Dungeon Crawl Stone Soup version 0.20.0-8-g6b59dc7 (webtiles) character file.

97 mopl the Firebug (level 4, 0/24 HPs)
             Began as a Deep Elf Fire Elementalist on May 30, 2017.
             Killed from afar by Sigmund (11 damage)
             ... with a puff of flame
             ... on level 3 of the Dungeon.
             The game lasted 00:04:42 (1797 turns).

mopl the Firebug (Deep Elf Fire Elementalist)       Turns: 1797, Time: 00:04:42

Health: 0/24       AC:  2    Str:  5    XL:     4   Next: 42%
Magic:  6/11       EV: 13    Int: 21    God:
Gold:   51         SH:  0    Dex: 15    Spells: 2/10 levels left

rFire    . . .     SeeInvis .   h - +2 dagger (protect)
rCold    . . .     Gourm    .   (no shield)
rNeg     . . .     Faith    .   a - +0 robe
rPois    .         Spirit   .   (no helmet)
rElec    .         Reflect  .   (no cloak)
rCorr    .         Harm     .   (no gloves)
MR       .....                  (no boots)
Stlth    ++........             (no amulet)
Regen    0.1/turn               (no ring)
MPRegen  0.2/turn               (no ring)

@: no status effects
A: no striking features
a: no special abilities


You were on level 3 of the Dungeon.
You were hungry.

You visited 1 branch of the dungeon, and saw 3 of its levels.

You collected 51 gold pieces.

Inventory:

Hand Weapons
 h - a +2 dagger of protection (weapon)
Armour
 a - a +0 robe (worn)
Scrolls
 d - 2 scrolls of teleportation {unknown}
 f - a scroll of fear {unknown}
 i - 2 scrolls of remove curse {unknown}
 m - a scroll of identify {unknown}
Potions
 e - a potion of might {unknown}
 j - a potion of flight {unknown}
 k - a potion of curing {unknown}
Books
 b - a book of Flames

   Spells                             Type                      Level
   a - Flame Tongue                   Conjuration/Fire             1
   b - Throw Flame                    Conjuration/Fire             2
   c - Conjure Flame                  Conjuration/Fire             3
   d - Inner Flame                    Hexes/Fire                   3
   e - Sticky Flame                   Conjuration/Fire             4
   f - Fireball                       Conjuration/Fire             5
Comestibles
 c - 3 bread rations
 g - a chunk of flesh
 l - 2 royal jellies


   Skills:
 - Level 2.4 Dodging
 - Level 2.4 Stealth
 + Level 3.7 Spellcasting
 * Level 3.0 Conjurations
 * Level 4.5 Fire Magic


You had 2 spell levels left.
You knew the following spells:

 Your Spells              Type           Power        Failure   Level  Hunger
a - Flame Tongue          Conj/Fire      ###..        2%          1    None
c - Conjure Flame         Conj/Fire      ###.....     8%          3    ###....
d - Sticky Flame          Conj/Fire      ###.....     26%         4    ####...


Dungeon Overview and Level Annotations

Branches:
Dungeon (3/15)

Altars:
Zin

Annotations:
D:3 Sigmund


Message History

Some of the chunks of flesh in your inventory have rotted away.
Sigmund hits you with a scythe.
Casting: Flame Tongue
Confirm with . or Enter, or press ? or * to list all spells.
Aiming: Sticky Flame
Press: ? - help, Shift-Dir - straight line, f - Sigmund
Aim: Sigmund, wielding a scythe and wearing a robe The sticky flame hits Sigmund.
Sigmund is lightly wounded.
Sigmund is covered in liquid flames!
Sigmund burns!
Unknown command.
Sigmund burns!
Sigmund hits you from afar with a scythe!
Sigmund burns!
Sigmund burns!
Sigmund burns!
Sigmund burns!
Sigmund stops burning.
Sigmund gestures at you while chanting. The puff of flame hits you!
You die...

...#######.......#
..........###
#.#####.....#
###.#####.###<#
#.........# #.###.#
#.....##### #.....#
######....># ####..#
...........# #.%. .
#####....@## #..# .
#......## #..# #.
#....#..#######..## ..
#######.@.#...รท...##..
###...####...>..
#......#......
#.####.#...... ...#
#...... #.### #......


You could see Sigmund.

Vanquished Creatures
  2 adders
  3 worms (D:2)
  5 dart slugs
  A leopard gecko (D:2)
  A ball python (D:1)
  9 bats
  A giant cockroach (D:3)
  4 goblins
  7 hobgoblins
  4 jackals
  7 kobolds
  2 quokkas (D:2)
  4 frilled lizards
  5 rats
55 creatures vanquished.

Notes
Turn   | Place    | Note
-------+----------+-------------------------------------------
     0 | D:1      | mopl the Deep Elf Fire Elementalist began the quest for the Orb.
     0 | D:1      | Reached XP level 1. HP: 10/10 MP: 6/6
   127 | D:1      | Reached XP level 2. HP: 15/15 MP: 2/8
   215 | D:1      | Reached skill level 2 in Conjurations
   355 | D:1      | Reached skill level 4 in Fire Magic
   472 | D:1      | Reached XP level 3. HP: 19/19 MP: 6/9
   482 | D:1      | Learned a level 3 spell: Conjure Flame
  1146 | D:2      | Found a glowing silver altar of Zin.
  1266 | D:2      | Reached XP level 4. HP: 21/24 MP: 6/11
  1272 | D:2      | Learned a level 4 spell: Sticky Flame
  1773 | D:3      | Noticed Sigmund
  1780 | D:3      | Reached skill level 3 in Conjurations
  1797 | D:3      | Killed from afar by Sigmund

Skill      XL: |  1  2  3  4 |
---------------+-------------+-----
Conjurations   | 2 3 |  3.0
Fire Magic     | 4 |  4.5
Dodging        | |  2.4
Stealth        | |  2.4
Spellcasting   | |  3.7

Action                   |  1- 3 |  4- 6 || total
-------------------------+-------+-------++-------
Melee: Dagger            |    12 |    18 ||    30
 Cast: Flame Tongue      |    68 |    18 ||    86
       Sticky Flame      |       |     1 ||     1
 Stab: Sleeping          |     4 |     3 ||     7
  Eat: Chunk             |     1 |     1 ||     2
Armor: Robe              |     4 |     4 ||     8
Dodge: Dodged            |    24 |    19 ||    43
